 Dungeon Crawl Stone Soup version 0.26-a0-710-g95a0c6c400 (webtiles) character file.

Game seed: 12587304618739360380

27277 dickylongcocking the Fighter (level 13, -10/130 HPs)
             Began as a Naga Venom Mage on Oct 31, 2020.
             Was an Elder of Ashenzari.
             Killed by nerve-wracking pain
             ... invoked by a hell knight
              (12 damage)
             ... in a volcano.
             The game lasted 00:19:31 (16890 turns).

dickylongcocking the Fighter (Naga Venom Mage)     Turns: 16890, Time: 00:19:32

Health: -10/130    AC: 14    Str: 13    XL:     13   Next: 31%
Magic:  13/27      EV:  8    Int: 19    God:    Ashenzari [****..]
Gold:   357        SH:  0    Dex: 11    Spells: 21/32 levels left

rFire    + + .     SeeInvis +   E - +5 dire flail (protect) (curse)
rCold    + + .     Faith    .   (shield currently unavailable)
rNeg     . . .     Spirit   .   z - +3 ring mail {rF+}
rPois    +         Reflect  .   S - +1 helmet {SInv}
rElec    +         Harm     .   A - +0 cloak
rCorr    +         Rampage  .   T - +1 pair of gloves {archery}
MR       +....     Clarity  +   (no barding)
Stlth    +.........             (no amulet)
HPRegen  0.31/turn              P - ring of protection from cold
MPRegen  0.20/turn              M - ring of wizardry

@: resistant, very slightly contaminated, very slow
A: large, see invisible, deformed body, poison resistance, slowness 2, spit
poison 1, constrict 1, AC +4
a: Spit Poison, Curse Item, Scrying, Renounce Religion


You were in a volcano.
You worshipped Ashenzari.
Ashenzari was greatly pleased with you.
You visited 3 branches of the dungeon, and saw 14 of its levels.
You visited 1 bazaar.
You also visited: Gauntlet and Volcano.

You collected 1133 gold pieces.
You spent 776 gold pieces at shops.

Inventory:

Hand Weapons
 b - a +0 mace
 g - a +1 hand axe of freezing
 j - a +0 spear
 m - a +1 dagger of protection
 p - a +3 whip of venom
 s - a +0 short sword of flaming
 B - a +0 great sword
 E - a cursed +5 dire flail of protection (weapon)
Missiles
 X - 17 silver javelins (quivered)
Armour
 a - a +0 robe
 i - a +0 leather armour
 q - a +0 pair of gloves
 w - a +0 buckler
 z - a +3 ring mail of fire resistance (worn)
 A - a +0 cloak (worn)
 J - a +0 helmet
 S - a +1 helmet of see invisible (worn)
 T - a +1 pair of gloves of archery (worn)
Jewellery
 F - an uncursed ring of flight
 K - an uncursed ring of protection from magic
 M - a ring of wizardry (right hand)
 P - a ring of protection from cold (left hand)
 U - the ring of Cyaxtag {Ice MR+}
   (You found it in a Gauntlet)

   [ring of ice]

   It enhances your ice magic.
   It makes you vulnerable to fire.
   It protects you from cold.
   It affects your resistance to hostile enchantments.
Wands
 y - a wand of flame (17)
 H - a wand of random effects (13)
 I - a wand of acid (7)
 R - a wand of polymorph (10)
Scrolls
 c - 3 scrolls of enchant armour
 f - 8 scrolls of enchant weapon
 h - 6 scrolls of fog
 k - 2 scrolls of identify
 l - 3 scrolls of teleportation
 r - 2 scrolls of blinking
 t - 5 scrolls of fear
 u - 13 scrolls of remove curse
 L - 4 scrolls of immolation
 N - 2 scrolls of noise {unknown}
 O - a scroll of amnesia
 Q - a scroll of vulnerability {unknown}
 V - a scroll of random uselessness {unknown}
Potions
 d - 2 potions of stabbing
 e - 9 potions of curing
 o - a potion of resistance
 v - 3 potions of might
 x - 2 potions of mutation {unknown}
 C - 2 potions of ambrosia
 D - 2 potions of lignification
 G - a potion of invisibility
 Z - a potion of brilliance {unknown}
Miscellaneous
 W - a condenser vane (1/2)


   Skills:
 * Level 12.8 Fighting
 - Level 9.3(13.7) Maces & Flails
 - Level 1.5 Dodging
 - Level 3.0 Stealth
 - Level 3.4 Shields
 * Level 10.3 Spellcasting
 - Level 4.0 Conjurations
 - Level 1.0 Transmutations
 - Level 4.0 Air Magic
 - Level 11.0 Poison Magic


You had 21 spell levels left.
You knew the following spells:

 Your Spells              Type           Power        Failure   Level
a - Sting                 Tmut/Pois      ####         1%          1
d - Olgreb's Toxic Radia  Pois           ######..     1%          4
i - Ignite Poison         Fire/Tmut/Pois ####....     3%          3
x - Mephitic Cloud        Conj/Pois/Air  ####....     1%          3

Your spell library contained the following spells:

 Spells                   Type           Power        Failure   Level
 Poisonous Vapours        Pois/Air       #####.       1%          2
 Foxfire                  Conj/Fire      ###.         2%          1
 Animate Skeleton         Necr           #.....       6%          1
 Pain                     Necr           #...         6%          1
 Summon Small Mammal      Summ           #...         6%          1
 Conjure Flame            Conj/Fire      ###.....     9%          3
 Call Imp                 Summ           #.......     10%         2
 Call Canine Familiar     Summ           #.......     19%         3
 Inner Flame              Hex/Fire       #.......     19%         3
 Summon Guardian Golem    Hex/Summ       #.......     19%         3
 Vampiric Draining        Necr           #.........   19%         3
 Sticky Flame             Conj/Fire      ###.....     26%         4
 Summon Lightning Spire   Summ/Air       ###.....     26%         4
 Animate Dead             Necr           #.........   50%         4
 Summon Ice Beast         Ice/Summ       #.......     50%         4
 Fireball                 Conj/Fire      ###.......   56%         5
 Agony                    Necr           #.......     83%         5


Dungeon Overview and Level Annotations

Branches:
Dungeon (11/15)            Temple (1/1) D:5            Lair (0/6) D:11
    Orc (2/2) D:11            Elf (0/3) Orc:2       Volcano (1/1)
Gauntlet (visited)

Altars:
Ashenzari
Cheibriados
Dithmenos
Elyvilon
Fedhas
Gozag
Hepliaklqana
Kikubaaqudgha
Makhleb
Nemelex Xobeh
Okawaru
Qazlal
Ru
Sif Muna
Trog
Uskayaw
Vehumet
Wu Jian
Xom
Yredelemnul
Zin
The Shining One

Shops:
D:4 [   D:6 !   Orc:1 :

Annotations:
D:7 1 runed translucent door, Misha's ghost, novice MfGl


Innate Abilities, Weirdness & Mutations

You cannot wear boots.
Your serpentine skin is tough. (AC +4)
You have supernaturally acute eyesight. (SInv)
Armour fits poorly on your strangely shaped body.
Your system is resistant to poisons. (rPois)
You cover ground very slowly.
You can spit poison.
You can use your snake-like lower body to constrict enemies.


Message History

* * * LOW HITPOINT WARNING * * *
The salamander is engulfed in noxious fumes.
The salamander appears confused.
The salamander unwields a +0 shortbow of flaming.
It stops flaming.
The salamander hits the salamander!
The salamander is engulfed in flames.
The salamander completely resists.
The hell knight hits you from afar with a +0 halberd of flaming!!
* * * LOW HITPOINT WARNING * * *
The hell knight burns you.
* * * LOW HITPOINT WARNING * * *
Unknown command.
Unknown command.
Unknown command.
Press: ? - help, Dir - move target cursor
As you read the scroll of blinking, it crumbles to dust.
In the distance, the volcano erupts with a roar.
Your toxic aura wanes.
The hell knight points at you and mumbles some strange words.
Pain shoots through your body!
You die...

≈.≈.....### #
≈§≈≈§≈.....## *≈## ≈
≈≈§§≈≈.....# *#≈§# ≈
≈§§≈≈.....## #≈≈§##
≈≈§≈≈≈≈○○...# *#≈..§§#
≈≈§§≈≈§....### Np..§§#
,≈§≈..§.....#####☼N○$!#
.§......###..##§○○○)# *
###.##### ###@.##..##
## * * #### ## , * , ,
, ,,, * *≈≈,, ≈, * ≈**
**≈≈ * *


You could see a hell knight (fast, extremely poisoned) and a salamander
(confused, very poisoned).

Vanquished Creatures
  A minotaur (Gauntlet)
  Josephine (D:10)
  A boulder beetle (D:11)
  2 hydras (D:11)
  A centaur warrior (D:11)
  A two-headed ogre (D:11)
  A death yak (D:9)
  A queen ant (Gauntlet)
  An unseen horror (D:11)
  Pikel (D:4)
  4 cyclopes
  Joseph (D:10)
  A centaur skeleton (D:11)
  Maggie (D:8)
  2 trolls (D:11)
  A tyrant leech (Gauntlet)
  3 polar bears (D:9)
  6 flying skulls (Gauntlet)
  2 yaks
  4 wraiths (D:10)
  A warg (Orc:2)
  2 acid dragons
  Edmund (D:5)
  3 soldier ants (Gauntlet)
  2 swamp worms (Gauntlet)
  A water moccasin (D:8)
  9 ice beasts
  A swamp drake (D:11)
  12 orc warriors
  A sky beast (D:10)
  3 necrophages
  2 phantoms
  10 ogres
  A boggart (D:11)
  A wolf (D:9)
  3 centaurs
  Blork the orc (D:5)
  A lemure (D:4)
  5 bullfrogs
  4 big kobolds
  A wyvern zombie (D:7)
  5 scorpions
  A hornet simulacrum (D:9)
  14 killer bees
  19 wights
  4 howler monkeys
  A centaur zombie (D:5)
  11 orc priests
  5 hounds
  2 jellies
  2 quasits
  A gnoll shaman (D:9)
  2 bullfrog skeletons
  3 iguanas
  17 orc wizards
  Ijyb (D:4)
  Terence (D:2)
  8 worker ants
  A bullfrog simulacrum (D:9)
  A hound zombie (D:8)
  A killer bee simulacrum (D:9)
  5 gnolls (D:9)
  A worker ant zombie (D:11)
  8 adders
  2 shadow imps
  6 white imps
  5 ufetubi
  An ooze (D:3)
  An adder skeleton (D:5)
  4 worms
  A dart slug (D:2)
  3 leopard geckos
  55 orcs
  A ball python (D:3)
  7 bats
  6 giant cockroaches
  12 goblins
  8 hobgoblins
  4 jackals (D:5)
  8 quokkas
  7 frilled lizards
  2 jackal skeletons
  18 kobolds
  A quokka simulacrum (D:9)
  2 quokka skeletons (D:8)
  4 rats
373 creatures vanquished.

Vanquished Creatures (others)
  A bush (D:7)
  A demonic plant (Gauntlet)
  2 withered plants (D:7)
4 creatures vanquished.

Grand Total: 377 creatures vanquished

Notes
Turn   | Place    | Note
-------+----------+-------------------------------------------
     0 | D:1      | dickylongcocking the Naga Venom Mage began the quest for
                  | the Orb.
     0 | D:1      | Reached XP level 1. HP: 15/15 MP: 3/3
   348 | D:1      | Reached XP level 2. HP: 11/22 MP: 1/5
   533 | D:1      | Reached skill level 5 in Poison Magic
   797 | D:1      | Found a broken altar of Ashenzari.
   805 | D:1      | Became a worshipper of Ashenzari the Shackled
   811 | D:1      | Reached XP level 3. HP: 28/28 MP: 6/6
  1403 | D:2      | HP: 1/28 [worm (6)]
  2022 | D:2      | Reached XP level 4. HP: 31/36 MP: 7/7
  2117 | D:2      | Noticed Terence
  2127 | D:2      | Killed Terence
  2291 | D:3      | Reached XP level 5. HP: 34/42 MP: 1/8
  2690 | D:3      | Reached skill level 1 in Fighting
  2909 | D:3      | Learned a level 4 spell: Olgreb's Toxic Radiance
  3129 | D:3      | Learned a level 3 spell: Ignite Poison
  3230 | D:3      | Reached XP level 6. HP: 42/51 MP: 9/9
  3426 | D:3      | Reached * piety under Ashenzari
  3726 | D:4      | Reached skill level 2 in Fighting
  3726 | D:4      | Reached skill level 1 in Shields
  3875 | D:4      | Reached XP level 7. HP: 57/61 MP: 2/10
  4017 | D:4      | Noticed Pikel
  4028 | D:4      | Killed Pikel
  4028 | D:4      | Reached skill level 4 in Fighting
  4028 | D:4      | Reached XP level 8. HP: 49/72 MP: 2/11
  4374 | D:4      | Noticed Ijyb
  4377 | D:4      | Killed Ijyb
  4575 | D:4      | Found Doommog's Armour Shoppe.
  4578 | D:4      | Bought a +3 ring mail of fire resistance for 286 gold
                  | pieces
  4637 | D:5      | Entered Level 5 of the Dungeon
  5019 | D:5      | Reached skill level 10 in Poison Magic
  5147 | D:5      | Noticed Edmund
  5162 | D:5      | Killed Edmund
  5162 | D:5      | Reached skill level 5 in Fighting
  5337 | D:5      | Found a staircase to the Ecumenical Temple.
  5346 | Temple   | Entered the Ecumenical Temple
  5600 | D:5      | Noticed Blork the orc
  5603 | D:5      | Killed Blork the orc
  6197 | D:6      | Reached skill level 6 in Fighting
  6197 | D:6      | Reached XP level 9. HP: 62/82 MP: 1/12
  6388 | D:6      | Found a snail-covered altar of Cheibriados.
  6501 | D:6      | Reached ** piety under Ashenzari
  6580 | D:5      | Learned a level 3 spell: Mephitic Cloud
  6930 | D:6      | Reached skill level 1 in Conjurations
  7070 | D:6      | Found an ancient bone altar of Kikubaaqudgha.
  7126 | D:6      | Reached skill level 1 in Air Magic
  7406 | D:6      | Found Xeashru's Distillery.
  7409 | D:6      | Bought a potion of resistance for 130 gold pieces
  7784 | D:7      | Reached skill level 7 in Fighting
  7960 | D:7      | Found a runed translucent door.
  7970 | D:7      | Noticed Misha's ghost (novice MfGl)
  9243 | D:8      | Found a white marble altar of Elyvilon.
  9316 | D:8      | Noticed Maggie
  9332 | D:8      | Killed Maggie
  9332 | D:8      | Reached skill level 8 in Fighting
  9332 | D:8      | Reached XP level 10. HP: 67/96 MP: 3/15
  9679 | D:8      | Found a stormy altar of Qazlal.
  9963 | D:8      | Reached *** piety under Ashenzari
 10975 | D:9      | Reached skill level 5 in Spellcasting
 10980 | D:9      | Noticed a death yak
 10999 | D:9      | Killed a death yak
 10999 | D:9      | Reached skill level 9 in Fighting
 11016 | D:9      | Reached XP level 11. HP: 73/106 MP: 3/19
 11157 | D:9      | Found an iron altar of Okawaru.
 11760 | D:9      | Reached skill level 10 in Fighting
 11855 | D:9      | Found a blossoming altar of Fedhas.
 11855 | D:9      | Found a basalt altar of Yredelemnul.
 11902 | D:9      | Identified the +8 short sword of the Valley {freeze, +Rage
                  | rC+}
 12223 | D:10     | Entered Level 10 of the Dungeon
 12298 | D:10     | Noticed Josephine
 12309 | D:10     | Killed Josephine
 12309 | D:10     | Reached XP level 12. HP: 80/117 MP: 0/22
 12534 | D:10     | Noticed Joseph
 12539 | D:10     | Killed Joseph
 13437 | D:11     | Found a flickering gateway to a bazaar.
 13461 | Bazaar   | Entered a bazaar
 13461 | Bazaar   | Reached **** piety under Ashenzari
 13465 | Bazaar   | Found Uno Geng's Jewellery Boutique.
 13526 | Bazaar   | Found Sauqedat's Jewellery Emporium.
 13546 | Bazaar   | Found Ruruyr's Antique Weapon Boutique.
 13563 | Bazaar   | Found Enukelao's Antique Armour Shoppe.
 13585 | Bazaar   | Bought a runed helmet for 180 gold pieces
 13585 | Bazaar   | Bought a pair of glowing gloves for 180 gold pieces
 13638 | D:11     | Found a staircase to the Lair.
 13679 | D:11     | Found a gate leading to a gauntlet.
 13688 | Gauntlet | Entered a Gauntlet
 13688 | Gauntlet | Found a transporter.
 13688 | Gauntlet | Found a transporter.
 13688 | Gauntlet | Found a transporter.
 13701 | Gauntlet | Found a transporter.
 13701 | Gauntlet | Found a transporter.
 13709 | Gauntlet | Found a transporter.
 13712 | Gauntlet | Found a transporter.
 13721 | Gauntlet | Found a transporter.
 13738 | Gauntlet | Found a transporter.
 13740 | Gauntlet | Identified the ring of Cyaxtag {Ice MR+}
 13759 | Gauntlet | Found a transporter.
 13762 | Gauntlet | Found a transporter.
 13763 | Gauntlet | Noticed a queen ant
 13772 | Gauntlet | Found a transporter.
 13966 | Gauntlet | Reached skill level 11 in Fighting
 13967 | Gauntlet | Killed a queen ant
 14219 | Gauntlet | Identified the +1 short sword of the Extremely Mad {elec,
                  | *Noise rF+ Int+3}
 14219 | Gauntlet | Noticed a minotaur
 14234 | Gauntlet | Killed a minotaur
 14529 | D:11     | Noticed a five-headed hydra
 14537 | D:11     | Killed a five-headed hydra
 14551 | D:11     | Noticed a centaur warrior
 14566 | D:11     | Killed a centaur warrior
 14796 | D:11     | Reached skill level 12 in Fighting
 15010 | D:11     | Noticed a boulder beetle
 15027 | D:11     | Killed a boulder beetle
 15027 | D:11     | Gained mutation: You can use your snake-like lower body to
                  | constrict enemies. [Naga growth]
 15027 | D:11     | Reached XP level 13. HP: 80/129 MP: 3/26
 15235 | D:11     | Reached skill level 10 in Spellcasting
 15972 | D:11     | Found a staircase to the Orcish Mines.
 16454 | Orc:1    | Entered Level 1 of the Orcish Mines
 16475 | Orc:1    | Found Soarah's Book Emporium.
 16538 | Orc:2    | Entered Level 2 of the Orcish Mines
 16730 | Orc:1    | Found a dark tunnel.
 16742 | Volcano  | Entered a volcano
 16889 | Volcano  | HP: 3/130 [hell knight/+0 halberd of flaming (19)]
 16890 | Volcano  | Killed from afar by a hell knight

Illustrated notes

Levels and vault maps discovered:
D:1:      dpeg_arrival_refuge, layout_basic, ashenzari_altar_1
D:2:      layout_rooms, uniq_terence
D:3:      minmay_chambers_of_twos, layout_loops_cross
D:4:      layout_cave_pools, serial_shops, kennysheep_mini,
          minmay_misc_feat_roman, serial_bayou_pond_e, uniq_ijyb, uniq_pikel
D:5:      layout_loops_ring, minmay_temple_entry_offerings, uniq_edmund,
          uniq_blork_the_orc
D:6:      layout_gridville, kiku_gazebo_pond_becter, cheibrodos_worm_habitat,
          serial_shops, kennysheep_mini_moat, minmay_misc_feat_diagonals,
          minivault_5
D:7:      layout_gridville, gammafunk_ghost_grave, serial_park_tiny_1,
          kennysheep_generic_room_4
D:8:      layout_basic, elyvilon_altar_4, lemuel_doored_altar,
          hangedman_decor_slide_cut, uniq_maggie
D:9:      layout_irregular_city, gammafunk_temple_overflow_elements, serial_ice,
          serial_ice_o, serial_ice_h, serial_ice_c, serial_ice_e, serial_ice_k,
          serial_ice_b, okawaru_metal_pillars_3
D:10:     layout_big_octagon, uniq_josephine, uniq_joseph
D:11:     minmay_the_grid_plus_closed [minmay_the_grid_rooms,
          minmay_the_grid_medium_cups, minmay_the_grid_holed_spiral,
          minmay_the_grid_doors, minmay_the_grid_prize_big_room],
          layout_long_grid, erik_orc_1, gauntlet_entry_generic, serial_shops,
          bzr_entry_gold
Temple:   nicolae_temple_elliptical
Orc:1:    layout_caves, serial_shops, nicolae_shop_window_shopping,
          nicolae_volcano_entry_vermiform
Orc:2:    st_orc_pillars, layout_diamond_mine, basic_altar
Volcano:  volcano_pools

Skill      XL: |  1  2  3  4  5  6  7  8  9 10 11 12 13 |
---------------+----------------------------------------+-----
Poison Magic   | 5 6 7 8 9 11 | 11.0
Fighting       | 1 2 4 6 8 9 10 12 | 12.8
Shields        | 1 3 |  3.4
Conjurations   | 4 |  4.0
Air Magic      | 4 |  4.0
Spellcasting   | 3 5 7 9 10 | 10.3
Maces & Flails | 9 |  9.3
Dodging        | |  1.5
Stealth        | |  3.0
Transmutations | |  1.0

Action                   |  1- 3 |  4- 6 |  7- 9 | 10-12 | 13-15 || total
-------------------------+-------+-------+-------+-------+-------++-------
Melee: Mace              |     1 |       |       |       |       ||     1
       Hand axe          |     7 |       |       |       |       ||     7
       Dagger            |    27 |    46 |       |       |       ||    73
       Whip              |       |    52 |    54 |       |       ||   106
       Dire flail        |       |       |   114 |   295 |    45 ||   454
       Constrict         |       |       |       |       |     8 ||     8
 Cast: Sting             |    39 |    39 |    16 |    28 |       ||   122
       Olgreb's Toxic Ra |       |     4 |    34 |    55 |    26 ||   119
       Ignite Poison     |       |     1 |    29 |    48 |    21 ||    99
       Mephitic Cloud    |       |       |     2 |     7 |     2 ||    11
Invok: Curse Item        |       |       |       |     1 |       ||     1
 Abil: Spit Poison       |    16 |     3 |     1 |     1 |       ||    21
Evoke: Wand              |       |       |       |     4 |     5 ||     9
       Condenser vane    |       |       |       |       |     1 ||     1
  Use: Potion            |     2 |     1 |     5 |    12 |     2 ||    22
       Scroll            |       |       |     8 |     5 |     2 ||    15
 Stab: Sleeping          |     2 |     2 |     2 |     1 |       ||     7
Armor: Robe              |     4 |       |       |       |       ||     4
       Leather armour    |    20 |    38 |     8 |       |       ||    66
       Ring mail         |       |       |   180 |   260 |    35 ||   475
Dodge: Dodged            |    41 |    71 |   132 |   172 |    23 ||   439
Block: Buckler           |       |     1 |    12 |       |       ||    13

Table legend: (Time is in decaauts)
 A = Elapsed time spent in this place.
 B = Non-inter-level travel time spent in this place.
 C = Inter-level travel time spent in this place.
 D = Time resting spent in this place.
 E = Time spent auto-exploring this place.
 F = Levels seen in this place.
 G = Mean time per level.
                   A        B        C        D        E       F      G
               +--------+--------+--------+--------+--------+-----+--------+
         Total |  19907 |  19380 |    527 |   2735 |  13330 |  17 | 1171.0 |
       Dungeon |  18121 |  17716 |    405 |   2305 |  12743 |  11 | 1647.4 |
        Temple |    194 |    164 |     30 |      0 |    162 |   1 |  194.0 |
  Orcish Mines |    386 |    296 |     90 |      0 |     99 |   2 |  193.0 |
        Bazaar |    208 |    208 |      0 |      0 |    123 |   1 |  208.0 |
       Volcano |    159 |    159 |      0 |     77 |     72 |   1 |  159.0 |
      Gauntlet |    838 |    838 |      0 |    352 |    130 |   1 |  838.0 |
               +--------+--------+--------+--------+--------+-----+--------+

Top non-repeatable levels by time:
    D:11: 2421 daAuts
     D:7: 1965 daAuts
     D:5: 1953 daAuts
     D:1: 1937 daAuts
     D:9: 1925 daAuts
     D:3: 1690 daAuts
     D:8: 1574 daAuts
     D:6: 1372 daAuts
    D:10: 1353 daAuts
     D:4: 1134 daAuts
Gauntlet: 838 daAuts
     D:2: 793 daAuts
   Orc:1: 331 daAuts
  Bazaar: 208 daAuts
  Temple: 194 daAuts
